 Dungeon Crawl Stone Soup version 0.19.3-4-gbf9329e (webtiles) character file.

86980 Alarkh the Fencer (level 15, -8/115 HPs)
             Began as a Vampire Monk on Jan 27, 2017.
             Was the Champion of Okawaru.
             Mangled by a sun demon (17 damage)
             ... summoned by a kobold demonologist
             ... on level 14 of the Dungeon on Jan 28, 2017.
             The game lasted 01:23:15 (28814 turns).

Alarkh the Fencer (Vampire Monk)                   Turns: 28814, Time: 01:23:16

Health: -8/115     AC: 23    Str: 18 (21) XL:     15   Next: 42%
Magic:  20/20      EV: 21    Int: 18      God:    Okawaru [******]
Gold:   2499       SH:  0    Dex: 19 (23) Spells: 0 memorised, 14 levels left

rFire  . . .     SeeInvis +     a - +6 scimitar (flame)
rCold  . . .     Gourm    .     f - +4 troll leather armour
rNeg   + + .     Faith    +     (no shield)
rPois  +         Spirit   .     j - +2 helmet
rElec  +         Reflect  .     V - +2 cloak of Ykegaomn {rC- Str+4 Dex+2}
rCorr  .         Harm     .     U - +2 pair of gloves {Str+3}
MR     ++...                    M - +2 pair of boots
Stlth  ++++++....               I - amulet of faith
                                b - +3 ring of dexterity
                                g - +4 ring of strength

@: regenerating slowly, slowed, very slow
A: fangs 3, see invisible, deterioration 1, magic resistance 1, electricity
resistance, unbreathing
a: Bat Form, Heroism, Finesse, Renounce Religion


You were on level 14 of the Dungeon.
You worshipped Okawaru.
Okawaru was exalted by your worship.
You were near bloodless.

You visited 4 branches of the dungeon, and saw 23 of its levels.
You also visited: Labyrinth, Ice Cave and Volcano.

You collected 2681 gold pieces.
You spent 182 gold pieces at shops.

Inventory:

Hand Weapons
 a - a +6 scimitar of flaming (weapon)
Missiles
 C - 6 throwing nets (quivered)
Armour
 f - a +4 troll leather armour (worn)
 j - a +2 helmet (worn)
 M - a +2 pair of boots (worn)
 U - a +2 pair of gloves of strength (worn)
 V - the +2 cloak of Ykegaomn (worn) {rC- Str+4 Dex+2}
   (You found it in a labyrinth)

   It affects your strength (+4).
   It affects your dexterity (+2).
   It makes you vulnerable to cold.
 W - a +0 large shield
Jewellery
 b - a +3 ring of dexterity (right hand)
 g - a +4 ring of strength (left hand)
 p - an uncursed ring of protection from cold
 y - an uncursed ring of teleportation
 I - an amulet of faith (around neck)
Wands
 q - a wand of teleportation (2/9)
 u - a wand of digging (11/24)
 x - a wand of heal wounds (2/9)
 D - a wand of hasting (6/9)
 H - a wand of disintegration (4/24)
Scrolls
 e - 2 scrolls of identify
 k - 2 scrolls of summoning
 n - 4 scrolls of recharging
 o - 3 scrolls of magic mapping
 s - a scroll of fear
 t - 10 scrolls of teleportation
 L - 4 scrolls of remove curse
Potions
 c - 61 potions of blood
 h - 8 potions of curing
 l - 3 potions of agility
 v - 3 potions of cancellation
 F - 3 potions of invisibility
 G - a potion of resistance
 K - 7 potions of might
 N - 2 potions of heal wounds
 S - 2 potions of haste
Miscellaneous
 E - a phantom mirror


   Skills:
 + Level 9.8 Fighting
 * Level 16.5 Long Blades
 + Level 8.7 Armour
 + Level 11.3 Dodging
 - Level 12.0 Stealth
 + Level 7.6 Shields
 + Level 7.8 Invocations


You had 14 spell levels left.
You didn't know any spells.

Dungeon Overview and Level Annotations

Branches:
Dungeon (14/15)            Temple (1/1) D:7            Lair (6/6) D:8
  Swamp (0/4) Lair:2       Spider (0/4) Lair:2        Slime (0/5) Lair:5
    Orc (2/2) D:9             Elf (0/3) Orc:2        Vaults (0/5) D:13

Altars:
Ashenzari
Cheibriados
Dithmenos
Elyvilon
Fedhas
Gozag
Hepliaklqana
Kikubaaqudgha
Makhleb
Nemelex Xobeh
Okawaru
Qazlal
Ru
Sif Muna
Trog
Uskayaw
Vehumet
Xom
Yredelemnul
Zin
The Shining One
Beogh

Shops:
D:10 :(%!=   D:13 %   D:14 !   Orc:2 (((!%

Portals:
Trove: D:14 (give +6 demon blade)


Innate Abilities, Weirdness & Mutations

You heal slowly.
You have razor-sharp teeth.
You have supernaturally acute eyesight. (SInv)
You can survive without breathing.
Your body sometimes deteriorates upon taking damage.
You are resistant to hostile enchantments. (MR+)
You are resistant to electric shocks. (rElec)


Message History

The iron imp barely misses you. The big kobold completely misses you.
You riposte.
You slash the big kobold! You burn the big kobold.
You kill the big kobold!
Okawaru accepts your kill. The red devil closely misses you.
The manticore completely misses you. The manticore claws you.
* * * LOW HITPOINT WARNING * * *
The manticore claws you.
* * * LOW HITPOINT WARNING * * *
The kobold demonologist closely misses you.
You riposte.
You miss the kobold demonologist.
The kobold demonologist is moderately wounded.
You closely miss the kobold demonologist.
The kobold demonologist is almost dead.
The kobold demonologist hits you with a dagger.
* * * LOW HITPOINT WARNING * * *
The sun demon hits you!
* * * LOW HITPOINT WARNING * * *
You are engulfed in flames!
You die...

*,,,,,≈≈≈≈,≈*#......
#.....≈≈≈≈.≈,#......
#......PP≈.*,#......
#.......P..###......
#.................##
#.................#
#..KK....######...#
#55HZ5...# #...#
#5K@K5...######...#
#(543.............#
#..4.4............##
#...(...............
#...................
#...................
#..........<........
#...................
#...................


You could see a sun demon, a manticore, 2 kobold demonologists, 2 chaos spawn, a
red devil, a big kobold, 2 iron imps, a quasit, a white imp, 2 ufetubi, a kobold
and a wyvern skeleton.

Vanquished Creatures
  Rupert (D:12)
  A frost giant (IceCv)
  Nessos (D:12)
  A fire dragon (Lair:6)
  6 slime creatures (D:13)
  Fannar (Orc:1)
  A minotaur (Lab)
  Erolcha (D:12)
  An ice dragon (D:14)
  2 catoblepae
  A hydra (Lair:1)
  Harold (Lair:1)
  A centaur warrior (D:13)
  2 death knights
  2 death yaks (IceCv)
  Urug (Orc:1)
  6 orc high priests
  Sonja (Lair:1)
  A skeletal warrior (D:12)
  2 wizards
  A lindwurm (Lair:6)
  6 hill giants
  7 orc knights
  2 orc sorcerers
  8 ugly things
  A cyclops (D:14)
  Maurice (D:8)
  3 centaur zombies (D:13)
  4 molten gargoyles
  7 black mambas
  A torpor snail (Lair:3)
  A smoke demon (Volcano)
  A gargoyle (D:14)
  9 komodo dragons
  2 centaur skeletons
  A rime drake (IceCv)
  12 spiny frogs
  An efreet (D:13)
  2 kobold demonologists (D:14)
  2 freezing wraiths (D:12)
  A queen bee (Lair:2)
  9 trolls
  A two-headed ogre (D:11)
  17 polar bears
  A jumping spider (Lair:2)
  A red devil (Volcano)
  9 hippogriffs
  A vampire (D:11)
  4 wyverns
  2 wraiths
  4 hungry ghosts
  7 fire bats (Volcano)
  A human (D:2)
  63 yaks
  Grum (Lair:1)
  A steam dragon (D:13)
  2 mottled dragons
  4 basilisks
  Edmund (D:6)
  A soldier ant (D:13)
  5 wargs
  6 swamp worms (Lair:2)
  9 hell hounds
  12 water moccasins
  Duvessa (D:5)
  11 porcupines
  7 sky beasts
  39 orc warriors
  3 ice beasts
  2 black bears
  An eye of draining (D:14)
  A swamp drake (Lair:2)
  A necrophage (D:7)
  2 phantoms
  15 ogres
  15 wolves
  4 centaurs
  9 crocodiles
  4 big kobolds
  13 bullfrogs
  A gnoll sergeant (D:7)
  3 wyvern skeletons
  Dowan (D:5)
  4 scorpions
  29 killer bees
  5 wights (D:9)
  3 electric eels
  6 howler monkeys
  6 crimson imps
  11 lava snakes
  5 jellies
  37 orc priests
  2 bullfrog skeletons
  5 hounds
  22 orc wizards
  2 iguanas
  Natasha (thrice) (D:4)
  7 hell rats
  6 worker ants
  A hound zombie (D:9)
  A hound skeleton (D:6)
  6 gnolls
  A howler monkey skeleton (D:9)
  A worker ant zombie (D:10)
  14 adders
  4 shadow imps
  An ooze (D:1)
  An adder skeleton (D:8)
  An adder zombie (D:9)
  6 worms
  A dart slug (D:1)
  2 leopard geckos
  105 orcs
  6 bats
  8 giant cockroaches
  11 goblins
  10 hobgoblins
  10 jackals
  5 quokkas
  2 ball pythons
  6 frilled lizards
  11 kobolds
  2 leopard gecko skeletons
  A leopard gecko zombie (D:5)
  18 rats
  A fungus (D:8)
  A plant (Lair:4)
792 creatures vanquished.

Vanquished Creatures (collateral kills)
  A yak (Lair:1)
1 creature vanquished.

Vanquished Creatures (others)
  A cyclops (Orc:1)
  4 polar bears
  2 yaks (IceCv)
  3 wolves (IceCv)
  A bush (Lair:2)
  19 fungi
  11 plants
41 creatures vanquished.

Grand Total: 834 creatures vanquished

Notes
Turn   | Place    | Note
-------+----------+-------------------------------------------
     0 | D:1      | Alarkh the Vampire Monk began the quest for the Orb.
     0 | D:1      | Reached XP level 1. HP: 17/17 MP: 1/1
    93 | D:1      | Reached XP level 2. HP: 14/23 MP: 2/2
   427 | D:1      | Reached XP level 3. HP: 12/28 MP: 3/3
   805 | D:2      | Reached skill level 4 in Long Blades
  1329 | D:2      | Reached XP level 4. HP: 34/34 MP: 4/4
  1557 | D:2      | Found a runed door.
  1557 | D:2      | Noticed a human
  1569 | D:2      | Found a basalt altar of Yredelemnul.
  1672 | D:2      | Reached skill level 5 in Stealth
  2188 | D:2      | Reached skill level 5 in Long Blades
  2188 | D:2      | Reached XP level 5. HP: 27/39 MP: 3/5
  2381 | D:3      | Noticed a phantom
  2405 | D:3      | Killed a phantom
  2823 | D:3      | Reached XP level 6. HP: 19/46 MP: 6/6
  3387 | D:4      | Found a sacrificial altar of Ru.
  3443 | D:5      | Entered Level 5 of the Dungeon
  3465 | D:5      | Noticed a sky beast
  3473 | D:5      | Killed a sky beast
  3473 | D:5      | Reached skill level 6 in Long Blades
  3574 | D:4      | Noticed Natasha
  3586 | D:4      | Killed Natasha
  3888 | D:5      | Reached XP level 7. HP: 32/51 MP: 5/7
  4183 | D:4      | Reached skill level 7 in Long Blades
  4358 | D:4      | Noticed Natasha
  4362 | D:4      | Killed Natasha
  4368 | D:4      | Found a sacrificial altar of Ru.
  4503 | D:4      | Noticed Natasha
  4509 | D:4      | Killed Natasha
  4818 | D:2      | Killed a human
  4818 | D:2      | Reached skill level 8 in Long Blades
  4818 | D:2      | Reached XP level 8. HP: 50/57 MP: 6/8
  5884 | D:5      | Got a fine spear
  5885 | D:5      | Identified the +6 spear of Hioqyc {freeze, +Fly rC++ Int-5} (You found it on level 5 of the Dungeon)
  5929 | D:6      | Found an opulent altar of Gozag.
  5946 | D:6      | Noticed Duvessa
  5947 | D:6      | Noticed Dowan
  5969 | D:6      | Gained mutation: Your body sometimes deteriorates upon taking damage. [potion of mutation]
  5969 | D:6      | Gained mutation: You are resistant to hostile enchantments. (MR+) [potion of mutation]
  5969 | D:6      | Gained mutation: You are resistant to electric shocks. (rElec) [potion of mutation]
  6019 | D:5      | Killed Dowan
  6020 | D:5      | Killed Duvessa
  6020 | D:5      | Reached skill level 10 in Stealth
  6236 | D:6      | Found a sacrificial altar of Ru.
  6314 | D:6      | Reached skill level 9 in Long Blades
  6432 | D:6      | Found a glowing silver altar of Zin.
  6441 | D:6      | Found a stormy altar of Qazlal.
  6441 | D:6      | Found a glowing golden altar of the Shining One.
  6441 | D:6      | Found a white marble altar of Elyvilon.
  6447 | D:6      | Found a shattered altar of Ashenzari.
  6447 | D:6      | Found a snail-covered altar of Cheibriados.
  6605 | D:6      | Noticed Edmund
  6631 | D:6      | Killed Edmund
  6631 | D:6      | Reached XP level 9. HP: 59/62 MP: 9/9
  6765 | D:6      | Reached skill level 10 in Long Blades
  6821 | D:7      | Found an ancient bone altar of Kikubaaqudgha.
  6932 | D:7      | Found a staircase to the Ecumenical Temple.
  6941 | Temple   | Entered the Ecumenical Temple
  7056 | Temple   | Became a worshipper of Warmaster Okawaru
  7056 | Temple   | Reached * piety under Okawaru
  7056 | Temple   | Reached ** piety under Okawaru
  7186 | D:7      | Reached skill level 1 in Armour
  7296 | D:7      | Found a radiant altar of Vehumet.
  7559 | D:8      | Noticed Maurice
  7574 | D:8      | Killed Maurice
  7713 | D:8      | Reached skill level 11 in Long Blades
  7802 | D:8      | Found a staircase to the Lair.
  8139 | D:9      | Found a staircase to the Orcish Mines.
  8145 | D:9      | Reached *** piety under Okawaru
  8145 | D:9      | Reached XP level 10. HP: 39/71 MP: 10/10
  8313 | D:9      | Found a sacrificial altar of Ru.
  8499 | D:9      | Reached **** piety under Okawaru
  8499 | D:9      | Reached skill level 5 in Dodging
  8920 | D:10     | Entered Level 10 of the Dungeon
  8931 | D:10     | Found Xauc Lep's Weapon Shoppe.
  8979 | D:10     | Found Julierch's Food Shoppe.
  9063 | D:10     | Found Hyomed's Book Emporium.
  9242 | D:10     | Reached ***** piety under Okawaru
  9242 | D:10     | Reached skill level 12 in Long Blades
  9257 | D:10     | Reached skill level 5 in Fighting
  9402 | D:10     | Found Asudd's Jewellery Shoppe.
  9415 | D:10     | Found Leqodosi's Distillery.
  9444 | D:10     | Noticed a hill giant
  9513 | D:10     | Killed a hill giant
  9519 | D:10     | Bought a potion of haste for 130 gold pieces
  9519 | D:10     | Bought a potion of agility for 52 gold pieces
  9774 | D:10     | Upgraded the game from 0.19.3-1-g3169bf9 to 0.19.3-4-gbf9329e
  9996 | D:12     | Noticed a five-headed hydra
 10001 | D:12     | Noticed Erolcha
 10019 | D:12     | Found a labyrinth entrance.
 10023 | D:12     | Noticed Nessos
 10024 | D:12     | Noticed a death knight
 10024 | D:12     | Noticed a skeletal warrior
 10028 | Lab      | Entered a labyrinth
 10348 | Lab      | Noticed a minotaur
 10361 | Lab      | Killed a minotaur
 10361 | Lab      | Received a gift from Okawaru
 10361 | Lab      | Reached XP level 11. HP: 46/80 MP: 9/11
 10377 | Lab      | Got a transparent jade ring
 10378 | Lab      | Got a dazzling leather armour
 10378 | Lab      | Got a faintly glowing cloak
 10446 | D:12     | Noticed Rupert
 10586 | Lair:1   | Entered Level 1 of the Lair of Beasts
 10595 | Lair:1   | Noticed Sonja
 10777 | Lair:1   | Noticed Grum
 10803 | Lair:1   | Killed Grum
 11230 | Lair:1   | Noticed Harold
 11259 | Lair:1   | Killed Harold
 11342 | Lair:2   | Identified the ring "Dodugure" {MP+9 Str+3 Int+9 SInv} (You found it in a labyrinth)
 11437 | Lair:2   | Identified the cursed +0 leather armour of Muttered Phrases {rElec MR+} (You found it in a labyrinth)
 11442 | Lair:2   | Identified the +2 cloak of Ykegaomn {rC- Str+4 Dex+2} (You found it in a labyrinth)
 11540 | Lair:1   | Killed Sonja
 11632 | Lair:1   | Noticed a four-headed hydra
 11997 | Lair:2   | Reached skill level 13 in Long Blades
 11997 | Lair:2   | Reached skill level 1 in Invocations
 12085 | Lair:2   | Reached skill level 1 in Shields
 12114 | Lair:2   | Received a gift from Okawaru
 12285 | Lair:2   | Reached skill level 5 in Armour
 12852 | D:11     | Received a gift from Okawaru
 12867 | D:11     | Got a heavily runed scale mail {god gift}
 12878 | D:11     | Identified the +2 scale mail of Fong {rF+ Dex+2 Stlth-} (Okawaru gifted it to you on level 11 of the Dungeon)
 13677 | Lair:1   | Killed a one-headed hydra
 13677 | Lair:1   | Reached XP level 12. HP: 45/89 MP: 3/13
 14232 | Lair:2   | Noticed a catoblepas
 14428 | Lair:2   | Killed a catoblepas
 15236 | Lair:2   | Found a hole to the Spider Nest.
 15769 | Lair:2   | Found a staircase to the Swamp.
 15901 | Lair:3   | Reached skill level 14 in Long Blades
 15954 | Lair:3   | Found a snail-covered altar of Cheibriados.
 15976 | Lair:3   | Reached ****** piety under Okawaru
 16810 | Lair:4   | Found a dark tunnel.
 16817 | Volcano  | Entered a volcano
 16966 | Volcano  | Found a radiant altar of Vehumet.
 17106 | Volcano  | Received a gift from Okawaru
 17350 | Volcano  | Reached XP level 13. HP: 98/98 MP: 5/16
 18228 | Lair:5   | Received a gift from Okawaru
 18285 | Lair:5   | Reached skill level 5 in Shields
 18539 | Lair:5   | Found a staircase to the Slime Pits.
 18715 | Lair:6   | Entered Level 6 of the Lair of Beasts
 19571 | Lair:6   | Reached skill level 5 in Invocations
 19792 | Lair:6   | Received a gift from Okawaru
 19931 | Lair:6   | Reached skill level 15 in Long Blades
 19988 | Lair:6   | Found a large runed door.
 19988 | Lair:6   | Found a large runed door.
 20580 | Lair:6   | Noticed a fire dragon
 20639 | Lair:6   | Killed a fire dragon
 20933 | Orc:1    | Entered Level 1 of the Orcish Mines
 21221 | D:9      | Paralysed by an orc sorcerer for 4 turns
 21419 | Orc:1    | Noticed Urug
 21747 | Orc:1    | Killed Urug
 21978 | Orc:1    | Noticed Fannar
 21992 | Orc:1    | Killed Fannar
 21992 | Orc:1    | Reached XP level 14. HP: 92/106 MP: 18/18
 22152 | Orc:2    | Entered Level 2 of the Orcish Mines
 22154 | Orc:2    | Found Tola Kugg's Weapon Boutique.
 22548 | Orc:2    | Found a staircase to the Elven Halls.
 23026 | Orc:1    | Found a roughly hewn altar of Beogh.
 23218 | Orc:1    | Reached skill level 10 in Dodging
 24399 | Orc:2    | Found Ekaod's Food Boutique.
 24402 | Orc:2    | Found Otwukhav's Weapon Boutique.
 24403 | Orc:2    | Found Ycunneat's Weapon Boutique.
 24404 | Orc:2    | Found Caet's Distillery.
 24709 | D:12     | Killed Rupert
 24709 | D:12     | Received a gift from Okawaru
 24709 | D:12     | Received a gift from Okawaru
 24785 | D:12     | Killed Erolcha
 24869 | D:12     | Killed Nessos
 25282 | D:13     | Found Ochum's Food Boutique.
 25409 | D:13     | Reached skill level 16 in Long Blades
 25643 | D:13     | Found a gate to the Vaults.
 26375 | D:14     | Found Gubiokhlaniu's Distillery.
 26445 | D:14     | Found a portal to a secret trove of treasure.
 26552 | D:14     | Found a frozen archway.
 26556 | D:14     | Reached XP level 15. HP: 114/114 MP: 20/20
 26701 | IceCv    | Entered an ice cave
 27131 | IceCv    | Received a gift from Okawaru
 27402 | IceCv    | Noticed a frost giant
 27429 | IceCv    | Killed a frost giant
 27517 | IceCv    | Identified Sif Muna's Grimoire of the Snowflakes
 28814 | D:14     | Mangled by a sun demon

Skill      XL: |  1  2  3  4  5  6  7  8  9 10 11 12 13 14 15 |
---------------+----------------------------------------------+-----
Stealth        | 4 5 6 7 8 11 12 | 12.0
Long Blades    | 4 5 6 8 9 11 12 13 14 15 16 | 16.5
Armour         | 2 4 5 6 7 8 |  8.7
Fighting       | 4 5 6 7 8 9 |  9.8
Dodging        | 4 6 7 8 9 10 11 | 11.3
Invocations    | 2 4 5 7 |  7.8
Shields        | 2 4 6 7 |  7.6

Action                   |  1- 3 |  4- 6 |  7- 9 | 10-12 | 13-15 || total
-------------------------+-------+-------+-------+-------+-------++-------
Melee: Falchion          |   115 |    21 |     5 |       |       ||   141
       Bite              |    12 |    34 |    95 |   224 |   322 ||   687
       Long sword        |       |   183 |   604 |   480 |       ||  1267
       Scimitar          |       |       |     3 |       |   406 ||   409
       Demon blade       |       |       |       |   744 |   227 ||   971
       Hand axe          |       |       |       |     8 |       ||     8
       Punch             |       |       |       |     8 |     5 ||    13
       Great sword       |       |       |       |       |   913 ||   913
Invok: Heroism           |       |       |       |    18 |    18 ||    36
       Finesse           |       |       |       |     1 |     3 ||     4
 Abil: End Transformatio |       |     1 |       |       |     9 ||    10
       Bat Form          |       |     1 |       |       |     9 ||    10
Evoke: Wand              |       |       |     5 |     7 |     5 ||    17
       Rod               |       |       |       |     1 |       ||     1
       Phial of floods   |       |       |       |     1 |       ||     1
  Use: Scroll            |     2 |     2 |    12 |    19 |    15 ||    50
       Potion            |     1 |    10 |    12 |    39 |    30 ||    92
 Stab: Sleeping          |     9 |     8 |     7 |    19 |    23 ||    66
       Distracted        |       |       |     2 |     5 |     9 ||    16
Armor: Robe              |    24 |    11 |       |       |       ||    35
       Chain mail        |       |    32 |   528 |   471 |       ||  1031
       Troll leather arm |       |       |       |    77 |   453 ||   530
       Scale mail        |       |       |       |    11 |       ||    11
Dodge: Dodged            |   117 |   129 |   228 |   643 |  1423 ||  2540
       Rpst.: Falchion   |    38 |     4 |       |       |       ||    42
       Long sword        |       |    39 |    70 |    41 |       ||   150
       Demon blade       |       |       |       |   137 |    46 ||   183
       Great sword       |       |       |       |       |   219 ||   219
       Scimitar          |       |       |       |       |    94 ||    94
